 Dungeon Crawl Stone Soup version 0.26-a0-1222-g14533b3512 (webtiles) character file.

Game seed: 15091052494146439688

538 knot the Chopper (level 7, 72/78 HPs)
             Began as a Demonspawn Berserker on Dec 31, 2020.
             Was a Believer of Trog.
             Quit the game on level 4 of the Dungeon.
             The game lasted 00:03:07 (3658 turns).

knot the Chopper (Demonspawn Berserker)             Turns: 3658, Time: 00:03:08

Health: 72/78      AC:  3    Str: 18    XL:     7   Next: 5%
Magic:  7/7        EV: 12    Int: 10    God:    Trog [**....]
Gold:   153        SH:  0    Dex: 12    Spells: 6/6 levels left

rFire    . . .     SeeInvis .   a - +0 hand axe
rCold    . . .     Faith    .   (no shield)
rNeg     + . .     Spirit   .   b - +0 animal skin
rPois    .         Reflect  .   (helmet unavailable)
rElec    .         Harm     .   (no cloak)
rCorr    .         Rampage  .   p - +0 pair of gloves
Will     .....                  (no boots)
Stlth    ..........             l - amulet of magic regeneration
HPRegen  0.23/turn              o - ring of positive energy
MPRegen  0.35/turn              (no ring)

@: berserking, very quick
A: horns 3, powered by pain 1
a: Renounce Religion, Berserk, Trog's Hand


You were on level 4 of the Dungeon.
You worshipped Trog.
Trog was pleased with you.
You visited 1 branch of the dungeon, and saw 4 of its levels.

You collected 153 gold pieces.

Inventory:

Hand Weapons
 a - a +0 hand axe (weapon)
Missiles
 g - 12 boomerangs
 m - 8 poisoned darts
 y - 7 javelins
Armour
 b - a +0 animal skin (worn)
 p - a +0 pair of gloves (worn)
Jewellery
 l - an amulet of magic regeneration (around neck)
 o - a ring of positive energy (left hand)
 w - a +4 ring of protection {unknown}
Wands
 q - a wand of iceblast (8)
Scrolls
 c - 5 scrolls of remove curse {unknown}
 e - 4 scrolls of identify {unknown}
 f - 2 scrolls of magic mapping {unknown}
 h - 2 scrolls of immolation {unknown}
 i - a scroll of noise {unknown}
 j - 4 scrolls of amnesia {unknown}
 k - 2 scrolls of teleportation {unknown}
 n - a scroll of random uselessness {unknown}
 s - 3 scrolls of fear {unknown}
 t - 2 scrolls of blinking {unknown}
 u - a scroll of enchant armour {unknown}
Potions
 d - a potion of degeneration {unknown}
 r - 2 potions of curing {unknown}
 v - a potion of attraction {unknown}
 x - a potion of resistance {unknown}


   Skills:
 - Level 3.0 Fighting
 + Level 7.4 Axes
 - Level 1.7 Armour
 - Level 1.7 Dodging


You had 6 spell levels left.
You didn't know any spells.
Your spell library was empty.

Dungeon Overview and Level Annotations

Branches:
Dungeon (4/15)
 Temple: D:4-7

Altars:
Ashenzari
Kikubaaqudgha


Innate Abilities, Weirdness & Mutations

You have a pair of large horns on your head.
You sometimes gain a little power by taking damage.


Message History

Trog accepts your kill.
You slash the orc!
You kill the orc!
Trog accepts your kill. The leopard gecko barely misses you.
You barely miss the leopard gecko. Your headbutt misses the leopard gecko.
You slash the orc!
You kill the orc!
Trog accepts your kill.
You slash the leopard gecko!
You kill the leopard gecko!
Trog accepts your kill.
You slash the orc wizard!
You kill the orc wizard!
Trog accepts your kill.
Trog appreciates your killing of a magic user.
You have reached level 7!
Your demonic ancestry asserts itself...
You feel energised by your suffering.
Are you sure you want to abandon this character and quit the game? (Confirm with "yes".)

#.....#.#.....#......#.
#.....#.....#.#.####...
#######...#.###.####...
###...........#....
#...#####.......#..
#.......+.......#..
#...#####.......#..
#...# #.........# #)@.#
#..)....### #†))#
#.......#
#...#####.......+
#...#...........#
....#...........#
.....#...........#
...###...........###
#... #..............
..#....#..#....


There were no monsters in sight!

Vanquished Creatures
  2 ogres
  A scorpion (D:4)
  A howler monkey (D:2)
  A hound (D:4)
  4 orc wizards
  A worker ant (D:4)
  4 adders
  A worm (D:4)
  2 dart slugs
  4 leopard geckos
  11 orcs
  2 ball pythons
  5 giant cockroaches
  7 goblins
  7 hobgoblins
  2 jackals (D:1)
  6 kobolds
  A quokka (D:3)
  6 bats
  A frilled lizard (D:1)
  A jackal skeleton (D:4)
  9 rats
79 creatures vanquished.

Notes
Turn   | Place    | Note
-------+----------+-------------------------------------------
     0 | D:1      | knot the Demonspawn Berserker began the quest for the Orb.
     0 | D:1      | Reached XP level 1. HP: 18/18 MP: 1/1
    92 | D:1      | Reached skill level 3 in Axes
   197 | D:1      | Gained mutation: You have a pair of small horns on your
                  | head. [demonic ancestry]
   197 | D:1      | Reached XP level 2. HP: 23/24 MP: 2/2
   693 | D:1      | Reached XP level 3. HP: 25/29 MP: 3/3
   817 | D:1      | Reached ** piety under Trog
  1087 | D:2      | Reached skill level 4 in Axes
  1198 | D:2      | Found an ancient bone altar of Kikubaaqudgha.
  1264 | D:2      | Gained mutation: You have a pair of horns on your head.
                  | [demonic ancestry]
  1264 | D:2      | Reached XP level 4. HP: 21/35 MP: 4/4
  1480 | D:2      | Found a broken altar of Ashenzari.
  2028 | D:3      | Noticed an ogre
  2038 | D:3      | Reached skill level 5 in Axes
  2038 | D:3      | Gained mutation: You have a pair of large horns on your
                  | head. [demonic ancestry]
  2038 | D:3      | Reached XP level 5. HP: 12/41 MP: 5/5
  2038 | D:3      | Killed an ogre
  2693 | D:3      | Reached skill level 6 in Axes
  3021 | D:4      | Reached XP level 6. HP: 47/47 MP: 6/6
  3585 | D:4      | Reached skill level 7 in Axes
  3658 | D:4      | Gained mutation: You sometimes gain a little power by
                  | taking damage. [demonic ancestry]
  3658 | D:4      | Reached XP level 7. HP: 52/52 MP: 7/7
  3658 | D:4      | Quit the game

Illustrated notes

Levels and vault maps discovered:
D:1:      minmay_arrival_cross, layout_loops_ring, minmay_pentomino_q2
D:2:      layout_rooms, nicolae_overflow_hidden_temple, lemuel_round_altar
D:3:      layout_loops_corners
D:4:      layout_basic, grunt_decor_fettered, minmay_misc_feat_iff, uniq_edmund

Skill      XL: |  1  2  3  4  5  6 |
---------------+-------------------+-----
Axes           | 3 4 5 6 7 |  7.4
Fighting       | |  3.0
Armour         | |  1.7
Dodging        | |  1.7

Action                   |  1- 3 |  4- 6 |  7- 9 || total
-------------------------+-------+-------+-------++-------
Melee: Hand axe          |    88 |   109 |       ||   197
       Headbutt          |     3 |    22 |       ||    25
Invok: Berserk           |       |     6 |       ||     6
       Trog's Hand       |       |     1 |       ||     1
 Stab: Sleeping          |     3 |       |       ||     3
Armor: Animal skin       |    17 |    14 |       ||    31
Dodge: Dodged            |    50 |    55 |       ||   105

Table legend: (Time is in decaauts)
 A = Elapsed time spent in this place.
 B = Non-inter-level travel time spent in this place.
 C = Inter-level travel time spent in this place.
 D = Time resting spent in this place.
 E = Time spent auto-exploring this place.
 F = Levels seen in this place.
 G = Mean time per level.
                   A        B        C        D        E       F      G
               +--------+--------+--------+--------+--------+-----+--------+
         Total |   3717 |   3576 |    141 |    724 |   2422 |   4 |  929.2 |
       Dungeon |   3717 |   3576 |    141 |    724 |   2422 |   4 |  929.2 |
               +--------+--------+--------+--------+--------+-----+--------+

Top non-repeatable levels by time:
     D:1: 1024 daAuts
     D:4: 915 daAuts
     D:2: 899 daAuts
     D:3: 879 daAuts
